 Dungeon Crawl Stone Soup version 0.30.1 (webtiles) character file.

Game seed: 3203308137891652038

1946 AztecRisk the Protected (level 8, -12/70 HPs)
             Began as a Minotaur Fighter on July 7, 2023.
             Was an Initiate of Ashenzari.
             Killed by an exploding gnoll (19 damage)
             ... ignited by their inner flame
             ... on level 8 of the Dungeon.
             The game lasted 01:42:02 (9306 turns).

AztecRisk the Protected (Minotaur Fighter)          Turns: 9306, Time: 01:42:03

Health: -12/70     AC: 16    Str: 22    XL:     8   Next: 98%
Magic:  7/7        EV:  7    Int:  5    God:    Ashenzari [......]
Gold:   325        SH:  5    Dex: 11    Spells: 7/7 levels left

rFire   . . .        d - +4 flail (heavy)
rCold   . . .        c - +0 buckler
rNeg    + . .        D - +0 pearl dragon scales
rPois   .            (helmet restricted)
rElec   .            y - +1 cloak
rCorr   .            (no gloves)
SInv    +            (no boots)
Will    .....        r - amulet of the acrobat
Stlth   x              - ring of flight
HPRegen 0.00/turn    A - ring of see invisible
MPRegen 0.10/turn

%: acrobat
@: grasped by roots, flying, inhibited regen, constricted
A: horns 2, retaliatory headbutt, inhibited regeneration
a: Renounce Religion, Curse Item


You were on level 8 of the Dungeon.
You worshipped Ashenzari.
Ashenzari was noncommittal.
You visited 2 branches of the dungeon, and saw 9 of its levels.

You collected 325 gold pieces.

Inventory:

Hand Weapons
 a - a +1 long sword {Firs sword of your doom!}
 d - a +4 heavy flail (weapon)
 e - a +2 whip of flaming
 C - a +0 rapier
Missiles
 t - a throwing net (quivered)
Armour
 c - a +0 buckler (worn)
 h - a +1 robe
 i - a +0 chain mail
 n - a +0 cloak
 p - the +4 scale mail of Lethargy {rN+++ Will- Str-5 Int+4 Dex+3}
   (You found it on level 6 of the Dungeon)

   Str:       It affects your strength (-5).
   Int:       It affects your intelligence (+4).
   Dex:       It affects your dexterity (+3).
   rN:        It renders you almost immune to negative energy.
   Will:      It decreases your willpower.
 y - a +1 cloak (worn)
 B - a +0 plate armour
 D - +0 pearl dragon scales (worn)
Jewellery
 r - an amulet of the acrobat (around neck)
 x - a ring of flight (left hand)
 A - a ring of see invisible (right hand)
Wands
 b - a wand of quicksilver (3)
 u - a wand of polymorph (4)
 w - a wand of flame (7)
Scrolls
 f - a scroll of noise
 j - 2 scrolls of fog
 k - 2 scrolls of enchant weapon
 q - a scroll of immolation
 s - a scroll of enchant armour
 v - a scroll of magic mapping
 E - a scroll of butterflies
Potions
 g - 3 potions of flight {unknown}
 l - 3 potions of attraction
 m - 4 potions of magic
 o - a potion of haste {unknown}
 z - a potion of cancellation


   Skills:
 + Level 6.2 Fighting
 + Level 6.2 Long Blades
 + Level 6.1 Maces & Flails
 + Level 8.3 Armour
 + Level 2.9 Dodging
 + Level 1.1 Stealth
 + Level 5.8 Shields
 + Level 1.0 Evocations


You had 7 spell levels left.
You didn't know any spells.
Your spell library was empty.

Dungeon Overview and Level Annotations

Branches:
Dungeon (8/15)             Temple (1/1) D:5
   Lair: D:8-11

Altars:
Ashenzari
Cheibriados
Dithmenos
Elyvilon
Fedhas
Gozag
Hepliaklqana
Kikubaaqudgha
Makhleb
Nemelex Xobeh
Okawaru
Qazlal
Ru
Sif Muna
Trog
Uskayaw
Vehumet
Wu Jian
Xom
Yredelemnul
Zin
The Shining One

Shops:
D:1 (

Annotations:
D:7 2 runed translucent doors, lasso's ghost, novice DsNe


Innate Abilities, Weirdness & Mutations

You have a pair of horns on your head.
You reflexively headbutt those who attack you in melee.
You do not regenerate when monsters are visible.


Message History

You block the gnoll sergeant's attack.
You barely miss the gnoll sergeant.
The gnoll sergeant is heavily wounded.
You block the gnoll's attack.
The gnoll sergeant hits you with a +0 trident.
The gnoll sergeant zaps a wand.
The roots erupt in riotous growth!
The grasping roots grab you!
The gnoll sergeant is unaffected.
The grasping roots constrict you.
* * * LOW HITPOINT WARNING * * *
You block the gnoll's attack.
You hear a shout!
As you read the scroll of immolation, it crumbles to dust.
The creatures around you are filled with an inner flame!
The gnoll closely misses you.
The gnoll sergeant hits you with a +0 trident.
* * * LOW HITPOINT WARNING * * *
The grasping roots constrict you.
You escape the roots grasp.
The gnoll hits you but does no damage.
The gnoll sergeant zaps a wand.
The roots erupt in riotous growth!
The grasping roots grab you!
The gnoll is unaffected.
The grasping roots constrict you.
* * * LOW HITPOINT WARNING * * *
Items here: )))) ††††.
You escape the roots grasp.
The gnoll completely misses you.
A gnoll comes into view. It is wielding a +4 flail.
You hit the gnoll.
Flame seeps out of the gnoll.
The gnoll is lightly wounded.
The gnoll is engulfed in blazing flames.
Flame seeps out of the gnoll.
The gnoll barely misses you.
The gnoll sergeant zaps a wand.
The roots erupt in riotous growth!
The grasping roots grab you!
The gnoll is unaffected.
The grasping roots constrict you!
* * * LOW HITPOINT WARNING * * *
The gnoll sergeant hits you but does no damage.
The grasping roots constrict you.
* * * LOW HITPOINT WARNING * * *
The gnoll is engulfed in blazing flames.
The gnoll explodes!
The fiery explosion engulfs you!!
You die...

. ... ... # ####.#
.. ... ..#..
..#..# .##. ...#.
....### ... ....
#....# #. #..#
#....# ##. #(.§##
#....# #..
#§○#####....## #..
#@§ggg......####..
#######.###.......
#.# ######.. #.#
#.. ##.# #.. #..#
#.. #.## #.. #.#
#.. ### ###


You could see a gnoll sergeant (inner flame) and 2 gnolls.

Vanquished Creatures
  A neqoxec (D:6)
  Menkaure (D:7)
  A water moccasin (D:6)
  An orc warrior (D:7)
  3 ice beasts (D:6)
  2 black bears
  2 ogres
  A lemure (D:6)
  A bullfrog (D:7)
  A scorpion (D:5)
  A howler monkey (D:7)
  An oklob sapling (D:5)
  2 jellies
  A gnoll bouda (D:6)
  2 orc priests
  3 hounds
  3 sleepcaps (D:6)
  Jessica (D:3)
  4 iguanas
  Natasha (thrice) (D:4)
  An orc wizard (D:7)
  10 gnolls
  7 adders
  A shadow imp (D:5)
  A white imp (D:6)
  3 worms
  3 dart slugs
  10 orcs
  6 ball pythons
  2 bats
  9 endoplasms
  A giant cockroach (D:4)
  2 goblins (D:2)
  5 hobgoblins
  5 jackals
  9 kobolds
  2 quokkas
  3 frilled lizards
  5 rats
120 creatures vanquished.

Notes
Turn   | Place    | Note
-------+----------+-------------------------------------------
     0 | D:1      | AztecRisk the Minotaur Fighter began the quest for the Orb.
     0 | D:1      | Reached XP level 1. HP: 19/19 MP: 0/0
    36 | D:1      | Found Runn's Antique Weapon Boutique.
   305 | D:1      | Reached XP level 2. HP: 27/27 MP: 1/1
  1292 | D:2      | Found an ancient bone altar of Kikubaaqudgha.
  1305 | D:2      | Reached skill level 4 in Armour
  1394 | D:2      | Reached XP level 3. HP: 29/33 MP: 2/2
  2364 | D:3      | Noticed Jessica
  2370 | D:3      | Killed Jessica
  2371 | D:3      | Reached XP level 4. HP: 35/41 MP: 3/3
  3051 | D:4      | Reached XP level 5. HP: 32/47 MP: 4/4
  3392 | D:4      | Found a radiant altar of Vehumet.
  3650 | D:4      | Reached skill level 1 in Dodging
  3667 | D:4      | Became a worshipper of Vehumet
  3747 | D:4      | Noticed Edmund
  3751 | D:4      | Edmund changed into Edmund the worm
  3751 | D:4      | Noticed Edmund
  3753 | D:4      | Killed Edmund the worm
  3772 | D:4      | Noticed Natasha
  3778 | D:4      | Killed Natasha
  3826 | D:4      | Noticed Natasha
  3831 | D:4      | Killed Natasha
  3832 | D:4      | Reached skill level 5 in Long Blades
  3883 | D:4      | Noticed Natasha
  3889 | D:4      | Killed Natasha
  4002 | D:5      | Entered Level 5 of the Dungeon
  4017 | D:5      | Reached skill level 5 in Armour
  4017 | D:5      | Reached XP level 6. HP: 39/53 MP: 5/5
  4522 | D:5      | Reached skill level 1 in Maces & Flails
  4528 | D:5      | Reached skill level 5 in Fighting
  4528 | D:5      | Reached XP level 7. HP: 54/61 MP: 6/6
  4682 | D:5      | Found a staircase to the Ecumenical Temple.
  5221 | Temple   | Entered the Ecumenical Temple
  5948 | Temple   | Fell from the grace of Vehumet
  5948 | Temple   | Became a worshipper of Ashenzari the Shackled
  5990 | D:6      | Reached skill level 6 in Armour
  6507 | D:6      | Reached skill level 5 in Shields
  6507 | D:6      | Reached XP level 8. HP: 69/69 MP: 7/7
  6561 | D:6      | Reached skill level 7 in Armour
  6693 | D:6      | Found a glowing silver altar of Zin.
  6693 | D:6      | Noticed an angel
  7446 | D:6      | Identified the +4 scale mail of Lethargy {rN+++ Will- Str-5
                  | Int+4 Dex+3}
  7595 | D:6      | Reached skill level 5 in Maces & Flails
  7796 | D:7      | Noticed Pikel
  7804 | D:7      | Pikel changed into Pikel the ogre
  7804 | D:7      | Noticed Pikel
  7810 | D:6      | Gained mutation: You do not regenerate when monsters are
                  | visible. [a neqoxec]
  7815 | D:6      | Killed Pikel the ogre
  8184 | D:7      | Found a large runed translucent door.
  8189 | D:7      | Found a large runed translucent door.
  8192 | D:7      | Noticed lasso's ghost (novice DsNe)
  8470 | D:7      | Noticed Menkaure
  8473 | D:7      | Killed Menkaure
  8474 | D:7      | Reached skill level 8 in Armour
  8474 | D:7      | Reached skill level 1 in Stealth
  9297 | D:8      | Reached skill level 1 in Evocations
  9306 | D:8      | Killed by an exploding gnoll... ignited by their inner
                  | flame

Illustrated notes

Levels and vault maps discovered:
D:1:      minmay_arrival_semitransparent, layout_basic, serial_shops, shop,
          nicolae_figureground_sparkle
D:2:      layout_rooms, basic_altar, minmay_split_cup_small
D:3:      layout_basic, minmay_misc_feat_roman, uniq_jessica
D:4:      layout_cave_pools, vehumet_altar_wand_db, uniq_natasha, uniq_edmund,
          uniq_crazy_yiuf_cottage
D:5:      layout_rooms, minmay_temple_entry_oklob, eino_tiny_chamber
D:6:      layout_loops_cross, zin_angel, serial_co_window_serial,
          co_window_paths_b, co_window_paths_a, co_window_of_opportunity_a,
          co_window_paths_a, co_window_paths_a, co_window_paths_a,
          co_window_paths_b, co_window_of_opportunity_b,
          co_window_unsneaky_path_a, co_window_corner_cb, co_window_broadway_c,
          co_window_paths_c, co_window_paths_e, glass_columns_b,
          glass_columns_b, glass_columns_b, kennysheep_generic_room_9
D:7:      layout_loops_cross, ebering_ghost_disaster_area, uniq_pikel,
          uniq_menkaure
D:8:      layout_rooms, david_lair_shrubbed, palyth_stone_intersect, uniq_erica
Temple:   nicolae_temple_bog_church

Skill      XL: |  1  2  3  4  5  6  7  8 |
---------------+-------------------------+-----
Armour         | 4 5 6 8 |  8.3
Long Blades    | 3 4 5 6 |  6.2
Fighting       | 4 5 6 |  6.2
Shields        | 4 5 |  5.8
Dodging        | 1 2 |  2.9
Maces & Flails | 2 3 6 |  6.1
Stealth        | 1 |  1.1
Evocations     | 1 |  1.0

Action                     |  1- 3 |  4- 6 |  7- 9 || total
---------------------------+-------+-------+-------++-------
  Melee: Long sword        |    76 |    74 |       ||   150
         Headbutt          |    11 |    16 |    41 ||    68
         Flail             |       |    32 |   174 ||   206
  Evoke: Wand              |       |     3 |     4 ||     7
    Use: Scroll            |    11 |     7 |     4 ||    22
         Potion            |       |     1 |     8 ||     9
 Armour: Scale mail        |    29 |       |       ||    29
         Chain mail        |    11 |    56 |    82 ||   149
         Pearl dragon scal |       |       |     7 ||     7
  Dodge: Dodged            |    35 |    71 |    86 ||   192
  Block: Buckler           |    16 |    31 |    47 ||    94
